 Dungeon Crawl Stone Soup version 0.21.1-1-g345015f (webtiles) character file.

25 Iko the Firebug (level 3, 0/22 HPs)
             Began as a Halfling Fire Elementalist on May 2, 2018.
             Was an Initiate of Cheibriados.
             Killed by nerve-wracking pain
             ... invoked by Jessica
              (11 damage)
             ... on level 3 of the Dungeon.
             The game lasted 00:08:22 (829 turns).

Iko the Firebug (Halfling Fire Elementalist)         Turns: 829, Time: 00:08:23

Health: 0/22       AC:  6    Str: 11    XL:     3   Next: 17%
Magic:  5/5        EV: 11    Int: 14    God:    Cheibriados [......]
Gold:   77         SH:  0    Dex: 15    Spells: 2/5 levels left

rFire    . . .     SeeInvis .   e - +0 mace
rCold    . . .     Gourm    .   (shield restricted)
rNeg     . . .     Faith    .   f - +0 scale mail
rPois    .         Spirit   .   (no helmet)
rElec    .         Reflect  .   (no cloak)
rCorr    .         Harm     .   (no gloves)
MR       .....                  (no boots)
Stlth    +.........             (no amulet)
HPRegen  0.07/turn              (no ring)
MPRegen  0.09/turn              (no ring)

@: very slow
A: small, mutation resistance 1
a: Bend Time, Renounce Religion


You were on level 3 of the Dungeon.
You worshipped Cheibriados.
Cheibriados was noncommittal.
You were hungry.

You visited 1 branch of the dungeon, and saw 3 of its levels.

You collected 77 gold pieces.

Inventory:

Hand Weapons
 e - a +0 mace (weapon)
Missiles
 g - 17 poisoned needles (quivered)
Armour
 f - a +0 scale mail (worn)
Potions
 a - 2 potions of heal wounds {unknown}
 d - 2 potions of curing {unknown}
 i - a potion of magic {unknown}
Books
 b - a book of Flames

   Spells                             Type                      Level
   a - Flame Tongue                   Conjuration/Fire             1
   b - Throw Flame                    Conjuration/Fire             2
   c - Conjure Flame                  Conjuration/Fire             3
   d - Inner Flame                    Hexes/Fire                   3
   e - Sticky Flame                   Conjuration/Fire             4
   f - Fireball                       Conjuration/Fire             5
Comestibles
 c - 3 rations


   Skills:
 + Level 0.5 Fighting
 + Level 0.4 Maces & Flails
 + Level 0.1 Armour
 + Level 2.6 Dodging
 + Level 2.2 Stealth
 + Level 1.6 Spellcasting
 + Level 1.1 Conjurations
 + Level 3.3 Fire Magic


You had 2 spell levels left.
You knew the following spells:

 Your Spells              Type           Power        Failure   Level  Hunger
a - Flame Tongue          Conj/Fire      #....        54%         1    ##.....
b - Throw Flame           Conj/Fire      #.....       67%         2    ###....


Dungeon Overview and Level Annotations

Branches:
Dungeon (3/15)

Altars:
Cheibriados

Annotations:
D:3 Jessica


Innate Abilities, Weirdness & Mutations

You are small and have problems with some larger weapons.
You are somewhat resistant to further mutation.


Message History

Pain shoots through your body! Jessica hits you but does no damage.
Jessica casts a spell.
Jessica blinks!
Jessica points at you and mumbles some strange words.
Pain shoots through your body!
As you read the scroll labeled USELERHITHRI, it crumbles to dust.
You feel aware of your surroundings.
You sensed 1 altar.
It was a scroll of magic mapping.
Jessica gestures wildly while chanting.
Jessica blinks!
Your magical contamination has completely faded away.
As you read the scroll labeled OCACIFFEEN, it crumbles to dust.
The creatures around you are filled with an inner flame!
It was a scroll of immolation.
You are feeling hungry.
Jessica gestures at you while chanting. Pain shoots through your body!
Ouch! That really hurt!
You die...

*###.....#.....## #.#*,,,,,,,,,,,
,...............###.#**,,,,,,,,,,
,................##.# *,,,,,,,,,,
,................##.# *,,,,,,,,,,
*................##.# *,,,,,,,,,,
*#...............##.# **,,,,,,,,,
,##..............##.#####,,,,,,,,
,,##................#...##*******
*,,##........@..@>.......## *
,*,,###...................### ###
*,,**...##..................###..
,,**..##*#...................##..
,**,.#* #...............#.......
**,,*****#.........##...######...
*,,,,,,,..........####### ##..
,,,,****########### #.. ,,,** #..


You could see Jessica (inner flame).

Vanquished Creatures
  An ooze (D:2)
  A worm (D:3)
  A dart slug (D:1)
  A leopard gecko (D:1)
  6 bats (D:1)
  A giant cockroach (D:1)
  A frilled lizard (D:1)
  2 goblins (D:1)
  3 rats
17 creatures vanquished.

Notes
Turn   | Place    | Note
-------+----------+-------------------------------------------
     0 | D:1      | Iko the Halfling Fire Elementalist began the quest for the Orb.
     0 | D:1      | Reached XP level 1. HP: 11/11 MP: 3/3
    95 | D:1      | Reached XP level 2. HP: 12/17 MP: 4/4
   123 | D:1      | Learned a level 2 spell: Throw Flame
   191 | D:1      | Found a snail-covered altar of Cheibriados.
   204 | D:1      | Became a worshipper of Cheibriados the Contemplative
   639 | D:2      | Reached skill level 1 in Conjurations
   639 | D:2      | Reached XP level 3. HP: 18/22 MP: 5/5
   810 | D:3      | Noticed Jessica
   829 | D:3      | Killed from afar by Jessica

Skill      XL: |  1  2 |
---------------+-------+-----
Conjurations   | 1 |  1.1
Fighting       | |  0.5
Maces & Flails | |  0.4
Armour         | |  0.1
Dodging        | |  2.6
Stealth        | |  2.2
Spellcasting   | |  1.6
Fire Magic     | |  3.3

Action                   || total
-------------------------++-------
Melee: Mace              ||    72
 Cast: Flame Tongue      ||     1
Invok: Bend Time         ||     1
  Use: Scroll            ||     7
Armor: Robe              ||    17
       Scale mail        ||    19
Dodge: Dodged            ||    85
